 Dungeon Crawl Stone Soup version 0.30-a0-339-g89bb51ec76 (webtiles) character file.

Game seed: 13913415077487507541

111 Muataran the Chopper (level 4, -1/41 HPs)
             Began as a Hill Orc Monk on Oct 31, 2022.
             Killed by nerve-wracking pain
             ... invoked by Grinder
              (5 damage)
             ... on level 3 of the Dungeon.
             The game lasted 00:04:20 (2245 turns).

Muataran the Chopper (Hill Orc Monk)                Turns: 2245, Time: 00:04:21

Health: -1/41      AC:  8    Str: 15    XL:     4   Next: 92%
Magic:  4/4        EV: 11    Int: 10    God:
Gold:   93         SH:  0    Dex: 13    Spells: 3/3 levels left

rFire   . . .      SeeInvis .    a - +0 hand axe
rCold   . . .      Faith    .    (no shield)
rNeg    . . .      Spirit   .    e - +2 ring mail {rPois}
rPois   +          Reflect  .    (no helmet)
rElec   .          Harm     .    (no cloak)
rCorr   .          Rampage  .    u - +0 pair of gloves
Will    .....                    (no boots)
Stlth   +.........               (no amulet)
HPRegen 0.26/turn                (no ring)
MPRegen 0.09/turn                (no ring)

@: no status effects
A: no striking features
a: no special abilities


You were on level 3 of the Dungeon.
You visited 1 branch of the dungeon, and saw 4 of its levels.

You collected 93 gold pieces.

Inventory:

Hand Weapons
 a - a +0 hand axe (weapon)
Armour
 b - a +0 robe
 e - a +2 ring mail of poison resistance (worn)
 u - a +0 pair of gloves (worn)
Jewellery
 h - an amulet of guardian spirit
 v - a ring of poison resistance
Scrolls
 g - 2 scrolls of identify {unknown}
 i - a scroll of torment {unknown}
 j - a scroll of vulnerability {unknown}
 l - a scroll of fear {unknown}
 m - 2 scrolls of teleportation {unknown}
 n - a scroll of enchant armour {unknown}
 p - a scroll of poison {unknown}
 s - a scroll of butterflies {unknown}
 t - a scroll of silence {unknown}
Potions
 c - 2 potions of ambrosia
 d - 3 potions of degeneration {unknown}
 f - a potion of curing {unknown}
 k - a potion of flight {unknown}
 o - 4 potions of heal wounds {unknown}
 q - a potion of invisibility {unknown}
 r - a potion of attraction {unknown}


   Skills:
 + Level 4.4 Fighting
 * Level 5.6 Axes
 * Level 2.5 Armour
 - Level 2.4 Dodging
 - Level 1.5 Stealth


You had 3 spell levels left.
You didn't know any spells.
Your spell library was empty.

Dungeon Overview and Level Annotations

Branches:
Dungeon (4/15)
 Temple: D:4-7

Altars:

Annotations:
D:3 Grinder


Message History

Grinder gestures at you.
You suddenly lose the ability to move!
The bat hits you but does no damage. Grinder hits you but does no damage.
You can move again.
Unknown command.
You closely miss Grinder.
Grinder is moderately wounded.
You hit the bat.
You kill the bat!
Grinder barely misses you.
You closely miss Grinder.
Grinder is moderately wounded.
Grinder hits you!
You writhe in agony.
You closely miss Grinder.
Grinder is moderately wounded.
Grinder completely misses you.
You hit Grinder.
Grinder is heavily wounded.
Grinder hits you but does no damage.
You hit Grinder but do no damage.
Grinder is heavily wounded.
Grinder hits you!
You writhe in agony.
You closely miss Grinder.
Grinder is heavily wounded.
Grinder hits you but does no damage.
You hit Grinder.
Grinder is heavily wounded.
Grinder hits you.
You writhe in agony.
You barely miss Grinder.
Grinder is heavily wounded.
Grinder hits you.
* * * LOW HITPOINT WARNING * * *
You writhe in agony.
* * * LOW HITPOINT WARNING * * *
Unknown command.
You hit Grinder but do no damage.
Grinder is heavily wounded.
Grinder gestures at you. Pain shoots through your body!
You die...

#.........)##..............
#+###########.......##.....
. #...+.......##..... 5.
#.###.......##..... b..
###'###.......##..)÷. ....
#.....#.......##..... .....
#.....##########.....
......##.....# #.÷...
!.....''..†@.##########.....
......##...5.#..............
##+#...'.....'..............
#####.....#..........####
#.....#..........# #
#######..........# #
#..........# # #..........#
# ############ #


You could see Grinder.

Vanquished Creatures
  4 adders
  A worm (D:2)
  2 dart slugs
  3 endoplasms
  4 giant cockroaches
  5 goblins
  6 hobgoblins
  4 jackals (D:2)
  3 quokkas
  13 ball pythons
  5 bats
  2 frilled lizards (D:1)
  6 kobolds
  10 rats
68 creatures vanquished.

Vanquished Creatures (others)
  2 fungi (D:1)
2 creatures vanquished.

Grand Total: 70 creatures vanquished

Notes
Turn   | Place    | Note
-------+----------+-------------------------------------------
     0 | D:1      | Muataran the Hill Orc Monk began the quest for the Orb.
     0 | D:1      | Reached XP level 1. HP: 19/19 MP: 1/1
   137 | D:1      | Reached XP level 2. HP: 25/27 MP: 2/2
   630 | D:1      | Reached skill level 1 in Armour
   750 | D:1      | Reached XP level 3. HP: 33/33 MP: 3/3
  1028 | D:2      | Reached skill level 5 in Axes
  1051 | D:2      | You fall into a shaft and drop 2 floors!
  1116 | D:3      | Reached XP level 4. HP: 29/40 MP: 4/4
  1410 | D:2      | Found a faded altar of an unknown god.
  2198 | D:3      | Noticed Grinder
  2228 | D:3      | Paralysed by Grinder for 5 turns
  2235 | D:3      | Paralysed by Grinder for 2 turns
  2245 | D:3      | Killed from afar by Grinder

Illustrated notes

Levels and vault maps discovered:
D:1:      dpeg_arrival_prison, layout_basic
D:2:      layout_basic, nicolae_ecumenical_snake_handling,
          minmay_close_crescents
D:3:      layout_basic, uniq_grinder
D:4:      kennysheep_six_static_rooms, layout_layer_cave,
          minmay_temple_entry_slanted, minmay_misc_feat_square,
          dreamdust_princess_bridge, uniq_blork_the_orc, uniq_crazy_yiuf_cottage

Skill      XL: |  1  2  3  4 |
---------------+-------------+-----
Fighting       | 4 |  4.4
Armour         | 1 2 |  2.5
Axes           | 5 |  5.6
Dodging        | |  2.4
Stealth        | |  1.5

Action                   |  1- 3 |  4- 6 || total
-------------------------+-------+-------++-------
Melee: Hand axe          |   130 |   142 ||   272
       Punch             |       |     1 ||     1
 Stab: Sleeping          |     3 |       ||     3
Armor: Ring mail         |    57 |    71 ||   128
Dodge: Dodged            |    71 |    76 ||   147

Table legend: (Time is in decaauts)
 A = Elapsed time spent in this place.
 B = Non-inter-level travel time spent in this place.
 C = Inter-level travel time spent in this place.
 D = Time resting spent in this place.
 E = Time spent auto-exploring this place.
 F = Levels seen in this place.
 G = Mean time per level.
                   A        B        C        D        E       F      G
               +--------+--------+--------+--------+--------+-----+--------+
         Total |   2257 |   2185 |     72 |      4 |   1616 |   4 |  564.2 |
       Dungeon |   2257 |   2185 |     72 |      4 |   1616 |   4 |  564.2 |
               +--------+--------+--------+--------+--------+-----+--------+

Top non-repeatable levels by time:
     D:2: 1015 daAuts
     D:1: 917 daAuts
     D:3: 275 daAuts
     D:4: 49 daAuts
